 Dungeon Crawl Stone Soup version 0.31-a0-4-gefa6de2278 (webtiles) character file.

Game seed: 6748567817110992765

1045 cforsyth the Covert (level 8, -8/52 HPs)
             Began as a Vampire Enchanter on May 4, 2023.
             Killed from afar by Dowan (11 damage)
             ... with a stone arrow
             ... on level 5 of the Dungeon.
             The game lasted 00:16:36 (5118 turns).

cforsyth the Covert (Vampire Enchanter)             Turns: 5118, Time: 00:16:37

Health: -8/52      AC:  6    Str:  7    XL:     8   Next: 4%
Magic:  9/14       EV: 14    Int: 17    God:
Gold:   244        SH:  0    Dex: 17    Spells: 9/15 levels left

rFire   . . .        s - +1 dagger (venom)
rCold   . . .        (no shield)
rNeg    . . .        b - +0 robe
rPois   .            (no helmet)
rElec   .            (no cloak)
rCorr   .            (no gloves)
SInv    +            (no boots)
Will    .....        (no amulet)
Stlth   ++++         j - +4 ring of protection
HPRegen 0.48/turn    (no ring)
MPRegen 0.14/turn

%: no passive effects
@: healing quickly
A: alive, fangs 3, see invisible, vampiric 2
a: Exsanguinate


You were on level 5 of the Dungeon.
You visited 1 branch of the dungeon, and saw 5 of its levels.

You collected 244 gold pieces.

Inventory:

Hand Weapons
 a - a +1 dagger
 s - a +1 dagger of venom (weapon)
Missiles
 r - a throwing net (quivered)
Armour
 b - a +0 robe (worn)
Jewellery
 j - a +4 ring of protection (left hand)
 l - an amulet of faith
Wands
 w - a wand of iceblast (5)
Scrolls
 d - a scroll of fog {unknown}
 e - 2 scrolls of silence {unknown}
 h - a scroll of identify {unknown}
 i - a scroll of enchant armour {unknown}
 m - a scroll of amnesia {unknown}
 o - a scroll of poison {unknown}
 q - a scroll of enchant weapon {unknown}
Potions
 c - 2 potions of invisibility
 f - a potion of brilliance {unknown}
 g - 4 potions of mutation {unknown}
 k - 4 potions of heal wounds {unknown}
 n - a potion of berserk rage {unknown}
 p - a potion of flight {unknown}
 t - a potion of ambrosia {unknown}
 u - 2 potions of cancellation {unknown}
 v - a potion of lignification {unknown}


   Skills:
 + Level 4.5 Short Blades
 + Level 4.9 Dodging
 + Level 8.0 Stealth
 + Level 4.2 Spellcasting
 + Level 7.4 Hexes


You had 9 spell levels left.
You knew the following spells:

 Your Spells              Type           Power      Damage    Failure   Level
a - Confusing Touch       Hex            28%        N/A       2%          3
b - Tukima's Dance        Hex            28%        N/A       2%          3

Your spell library contained the following spells:

 Spells                   Type           Power      Damage    Failure   Level
 Ensorcelled Hibernation  Hex/Ice        32%        N/A       4%          2
 Dazzling Flash           Conj/Hex       32%        N/A       10%         3


Dungeon Overview and Level Annotations

Branches:
Dungeon (5/15)             Temple (0/1) D:4

Altars:
Cheibriados
Ru

Shops:
D:5 :

Annotations:
D:2 Grinder
D:5 Dowan, Eustachio


Innate Abilities, Weirdness & Mutations

Your natural rate of healing is accelerated.
You have razor-sharp teeth.
You have supernaturally acute eyesight. (SInv)
You are afflicted with vampirism and can become a bat while bloodless.


Message History

Dowan seems overcome with grief.
Dowan seems to find hidden reserves of power!
Dowan gestures wildly while chanting.
Dowan blinks!
Your Stealth skill increases to level 8!
You have reached level 8!
Casting: Tukima's Dance (dangerous; 2% risk of failure)
Confirm with . or Enter, or press ? or * to list all spells.
Aiming: Tukima's Dance (dangerous; 2% risk of failure)
Press: ? - help, Shift-Dir - straight line, f - Dowan
Aim: Dowan, wielding a +0 dagger and wearing a +2 robe of the Archmagi (fast, chance to affect: 59%) Dowan resists with significant effort.
Casting: Tukima's Dance (dangerous; 2% risk of failure)
Confirm with . or Enter, or press ? or * to list all spells.
Aiming: Tukima's Dance (dangerous; 2% risk of failure)
Press: ? - help, Shift-Dir - straight line, f/p - Dowan
Aim: Dowan, wielding a +0 dagger and wearing a +2 robe of the Archmagi (fast, chance to affect: 59%)
The +0 dagger dances into the air!
Dowan hits you but does no damage.
Things that are here:
a +0 leather armour; a +0 whip; a +0 robe You barely miss Dowan.
Dowan gestures at you while chanting. The stone arrow hits you!
You closely miss Dowan. You bite Dowan, but do no damage.
Dowan closely misses you.
You hit Dowan but do no damage.
Dowan is poisoned.
Dowan casts a spell at you. The shard of ice hits you!!
* * * LOW HITPOINT WARNING * * *
Your +0 dagger hits Dowan.
Dowan closely misses you.
You hit Dowan but do no damage.
Dowan looks as sick as possible!
Dowan is lightly wounded.
Your +0 dagger hits Dowan.
Dowan barely misses you.
You hit Dowan but do no damage.
Dowan looks as sick as possible!
Your bite misses Dowan.
Dowan is moderately wounded.
Dowan casts a spell at you. The stone arrow hits you!
You die...

########## ############
.........# #...........
###########<# #.########## #..
..# #@# #.# #.# #.# #e# #.# #.#
#.####(## #.### ##.##
#..##..)## #...########
#...###.#..#.#.###..........#
###...##.###...........####...#
#.......## ##..#.###.####......
#.......# ##..## #.## #......
#.......## ##.)## #..###......


You could see Dowan (fast, extremely poisoned, ally target) and a friendly +0
dagger.

Vanquished Creatures
  Duvessa (D:5)
  An ice beast (D:5)
  A black bear (D:5)
  3 hounds
  2 gnoll boudas
  Ijyb (D:5)
  2 iguanas
  2 orc wizards
  7 gnolls
  7 adders
  A shadow imp (D:5)
  A white imp (D:5)
  2 worms (D:2)
  3 dart slugs
  6 orcs
  5 endoplasms
  2 giant cockroaches
  10 goblins
  11 hobgoblins
  11 jackals
  8 kobolds
  4 quokkas
  6 ball pythons
  2 bats
  3 frilled lizards
  3 rats
105 creatures vanquished.

Vanquished Creatures (collateral kills)
  Sigmund (D:5)
  2 orc wizards
  2 gnolls
  3 orcs
  2 goblins (D:4)
  2 jackals (D:3)
12 creatures vanquished.

Vanquished Creatures (others)
  4 dancing weapons
  23 plants
27 creatures vanquished.

Grand Total: 144 creatures vanquished

Notes
Turn   | Place    | Note
-------+----------+-------------------------------------------
     0 | D:1      | cforsyth the Vampire Enchanter began the quest for the Orb.
     0 | D:1      | Reached XP level 1. HP: 13/13 MP: 3/3
   277 | D:1      | Reached XP level 2. HP: 11/19 MP: 5/5
   729 | D:2      | Gained mutation: You are afflicted with vampirism and can
                  | become a bat while bloodless. [Vampire growth]
   729 | D:2      | Reached XP level 3. HP: 8/24 MP: 6/6
   747 | D:2      | Learned a level 3 spell: Confusing Touch
   751 | D:2      | Learned a level 3 spell: Tukima's Dance
   807 | D:2      | Reached skill level 5 in Stealth
  1040 | D:2      | Reached skill level 5 in Hexes
  1052 | D:2      | Found a faded altar of an unknown god.
  1064 | D:2      | Reached XP level 4. HP: 30/30 MP: 4/7
  1718 | D:3      | Noticed Grinder
  1920 | D:3      | Found a sacrificial altar of Ru.
  2584 | D:3      | Reached XP level 5. HP: 35/35 MP: 9/9
  3294 | D:3      | Reached skill level 6 in Stealth
  3478 | D:4      | Reached XP level 6. HP: 40/41 MP: 4/10
  3708 | D:4      | Found a staircase to the Ecumenical Temple.
  3921 | D:4      | Found a snail-covered altar of Cheibriados.
  4212 | D:5      | Entered Level 5 of the Dungeon
  4255 | D:5      | Noticed Sigmund
  4427 | D:5      | Killed Sigmund
  4428 | D:5      | Reached skill level 7 in Stealth
  4428 | D:5      | Reached XP level 7. HP: 45/46 MP: 8/12
  4724 | D:5      | Noticed Ijyb
  4739 | D:5      | Killed Ijyb
  5013 | D:5      | Found Qitote's Book Shop.
  5057 | D:5      | Noticed Duvessa
  5058 | D:5      | Noticed Dowan
  5060 | D:5      | Noticed Eustachio
  5110 | D:5      | Killed Duvessa
  5111 | D:5      | Reached skill level 8 in Stealth
  5111 | D:5      | Reached XP level 8. HP: 34/52 MP: 14/14
  5116 | D:5      | HP: 2/52 [Dowan/shard of ice (20)]
  5118 | D:5      | Killed from afar by Dowan

Illustrated notes

Levels and vault maps discovered:
D:1:      dpeg_arrival_long_road, layout_basic
D:2:      layout_basic, hellmonk_ecumenical_altar_prayer_group
D:3:      layout_rooms, nicolae_ru_great_annihilating_truth, old_standard_altar,
          nicolae_grassy_gnolls, uniq_grinder
D:4:      layout_cave_pools, lemuel_crystal_altar,
          minmay_temple_entry_sparse_star, serial_forest,
          infiniplex_forest_clump_small, infiniplex_forest_straight_2,
          infiniplex_forest_fountain, infiniplex_forest_end_1,
          infiniplex_forest_clump_small, infiniplex_forest_straight_2
D:5:      layout_loops_ring, serial_shops, nicolae_diamond_shop,
          dreamdust_princess_bridge, minmay_misc_feat_iff, uniq_eustachio,
          uniq_duvessa, uniq_sigmund, uniq_ijyb

Skill      XL: |  1  2  3  4  5  6  7 |
---------------+----------------------+-----
Stealth        | 5 6 7 8 |  8.0
Short Blades   | 2 3 4 |  4.5
Hexes          | 5 6 7 |  7.4
Dodging        | 3 4 |  4.9
Spellcasting   | 3 4 |  4.2

Action                     |  1- 3 |  4- 6 |  7- 9 || total
---------------------------+-------+-------+-------++-------
  Melee: Dagger            |   104 |   291 |   101 ||   496
         Bite              |    13 |    39 |    16 ||    68
         Punch             |     3 |     2 |     2 ||     7
   Cast: Confusing Touch   |     3 |     6 |     1 ||    10
         Tukima's Dance    |     1 |    23 |    11 ||    35
    Use: Potion            |     1 |       |       ||     1
   Stab: Sleeping          |    10 |     6 |     1 ||    17
         Confused          |     1 |     3 |     1 ||     5
         Invisible         |       |     1 |       ||     1
         Paralysed         |       |     1 |       ||     1
 Armour: Robe              |    17 |    96 |    21 ||   134
  Dodge: Dodged            |    51 |   203 |    53 ||   307

Table legend: (Time is in decaauts)
 A = Elapsed time spent in this place.
 B = Non-inter-level travel time spent in this place.
 C = Inter-level travel time spent in this place.
 D = Time resting spent in this place.
 E = Time spent auto-exploring this place.
 F = Levels seen in this place.
 G = Mean time per level.
                   A        B        C        D        E       F      G
               +--------+--------+--------+--------+--------+-----+--------+
         Total |   5057 |   4906 |    151 |   1077 |   2391 |   5 | 1011.4 |
       Dungeon |   5057 |   4906 |    151 |   1077 |   2391 |   5 | 1011.4 |
               +--------+--------+--------+--------+--------+-----+--------+

Top non-repeatable levels by time:
     D:2: 1647 daAuts
     D:3: 1011 daAuts
     D:4: 942 daAuts
     D:5: 750 daAuts
     D:1: 704 daAuts
